AoeStats
← Lakmec

Arabia

510466752Analyzed
1v1 RM · 2d ago on Oct 1, 2026· 50m 46s· 2 players
Game mode
Random Map
Map size
Tiny (2 player)
Population
200
Speed
Normal
Resources
Standard
Victory
Conquest
Starting age
Dark Age
Ending age
Imperial Age
RankedLock teamsTeams togetherTeam positionsShared explorationLock speedFull tech treeHidden civsTurbo modeCheats
Victory
Defeat
🇹🇷 Bengalis · Türkiye
1226
+19
🇨🇴 Persians · Colombia
1296
-19
Match Point
4:51 Loom
5:00 Loom
9:50 Feudal Age
11:32 Double-Bit Axe
20:44 Castle Age
18:50 Horse Collar
20:08 Forging
20:03 Gold Mining
20:45 Scale Barding Armor
21:29 Husbandry
24:27 Iron Casting
25:45 Town Watch
26:36 Wheelbarrow
28:28 Wheelbarrow
28:14 Heavy Plow
32:57 Masonry
33:00 Murder Holes
35:41 Gold Shaft Mining
34:57 Stone Mining
38:29 Imperial Age
36:16 Hand Cart
36:52 Chain Barding Armor
38:44 Heavy Camel Rider
41:28 Plate Barding Armor
41:54 Blast Furnace
40:51 Elite Skirmisher
41:32 Scale Mail Armor
46:49 Stone Shaft Mining
Lakmec
2:22 Loom
9:25 Feudal Age
11:29 Double-Bit Axe
13:23 Horse Collar
14:27 Town Watch
20:15 Castle Age
20:11 Gold Mining
20:39 Scale Barding Armor
21:58 Heavy Plow
22:35 Bow Saw
25:40 Scale Mail Armor
25:23 Pikeman
26:04 Squires
27:30 Stone Mining
29:49 Chain Mail Armor
33:12 Wheelbarrow
37:51 Imperial Age
38:21 Siege Elephant
38:29 Halberdier
39:48 Crop Rotation
40:22 Two-Man Saw
40:47 Hand Cart
41:27 Ballistics
42:08 Chemistry
41:54 Gambesons
43:54 Arson
48:04 Fletching
48:15 Padded Archer Armor
47:51 Elite Ratha (Ranged)
Connection lost

Rejoining the realm…

Still unreachable

The connection could not be restored.

Session expired

The server has moved on; the page needs a fresh start.